 Dungeon Crawl Stone Soup version 0.31-a0-1074-g0b22e4e0f1 (webtiles) character file.

Game seed: 2324114460115178724

303 Lobster4 the Gusty (level 6, 0/54 HPs)
             Began as a Tengu Air Elementalist on Nov 30, 2023.
             Was an Initiate of Vehumet.
             Succumbed to a water moccasin's poison
             ... on level 5 of the Dungeon.
             The game lasted 00:11:12 (4439 turns).

Lobster4 the Gusty (Tengu Air Elementalist)         Turns: 4439, Time: 00:11:12

Health: 0/54       AC: 23    Str: 14    XL:     6   Next: 38%
Magic:  6/10       EV:  2    Int: 21    God:    Vehumet [......]
Gold:   177        SH:  0    Dex: 13    Spells: 7/11 levels left

rFire   + + .        r - +0 rapier
rCold   + . .        (no shield)
rNeg    . . .        m - melded +0 leather armour
rPois   +            (helmet currently unavailable)
rElec   +            (cloak currently unavailable)
rCorr   +            (gloves currently unavailable)
SInv    .            (boots unavailable)
Will    .....        (no amulet)
Stlth   ++           u - ring of protection from fire
HPRegen 0.29/turn    z - +6 ring of strength
MPRegen 0.12/turn

%: acrobat
@: lethally poisoned (0 -> -10), tree-form, resistant
A: stationary, stasis, torment immunity, boosted hp, (beak), (talons 3),
acrobatic, clever 1, low MP 1, inability to read after injury 2
a: Renounce Religion


You were on level 5 of the Dungeon.
You worshipped Vehumet.
Vehumet was noncommittal.
You were a tree.
You visited 2 branches of the dungeon, and saw 6 of its levels.

You collected 177 gold pieces.

Inventory:

Hand Weapons
 d - a +0 short sword
 i - a +0 long sword
 r - a +0 rapier (weapon)
 x - a +0 sling
Missiles
 e - 36 stones
 l - 3 poisoned darts
 C - a throwing net
Armour
 a - a +0 robe
 m - a +0 leather armour (melded)
Jewellery
 u - a ring of protection from fire (left branch)
 z - a +6 ring of strength (right branch)
Scrolls
 c - 2 scrolls of fog {unknown}
 f - 6 scrolls of identify {unknown}
 h - 2 scrolls of amnesia {unknown}
 j - a scroll of poison {unknown}
 n - a scroll of fear {unknown}
 o - a scroll of immolation {unknown}
 p - 2 scrolls of summoning {unknown}
 y - a scroll of teleportation {unknown}
Potions
 b - a potion of magic
 g - a potion of curing {unknown}
 k - a potion of resistance
 q - a potion of attraction {unknown}
 s - a potion of enlightenment {unknown}
 t - a potion of lignification
 v - a potion of haste {unknown}
 w - a potion of heal wounds {unknown}
 A - a potion of degeneration {unknown}
 B - a potion of mutation


   Skills:
 + Level 2.4 Fighting
 + Level 2.2 Armour
 - Level 3.0 Dodging
 - Level 2.0 Stealth
 + Level 3.1 Spellcasting
 + Level 3.6 Conjurations
 + Level 5.3 Air Magic


You had 7 spell levels left.
You knew the following spells:

 Your Spells              Type           Power      Damage    Failure   Level
a - Shock                 Conj/Air       88%        1d8       1%          1
s - Swiftness             Air            25%        N/A       4%          3

Your spell library contained the following spells:

 Spells                   Type           Power      Damage    Failure   Level
 Magic Dart               Conj           72%        1d6       3%          1
 Static Discharge         Conj/Air       44%        3-5/arc   3%          2
 Searing Ray              Conj           36%        2d5       4%          2
 Apportation              Tloc           6%         N/A       13%         1
 Necrotise                Necr           12%        1d4       13%         1
 Summon Small Mammal      Summ           12%        N/A       13%         1
 Airstrike                Air            12%        2d(2-18)  14%         4
 Dazzling Flash           Conj/Hex       22%        N/A       19%         3
 Jinxbite                 Hex            6%         N/A       21%         2
 Volatile Blastmotes      Fire/Tloc      6%         2d10      36%         3
 Fulminant Prism          Conj/Hex       5%         3d7       52%         4
 Alistair's Intoxication  Tmut/Pois      2%         N/A       98%         5
 Starburst                Conj/Fire      5%         6d4       100%        6
 Maxwell's Capacitive Co  Air            12%        ∞         100%        8


Dungeon Overview and Level Annotations

Branches:
Dungeon (5/15)             Temple (1/1) D:4

Altars:
Ashenzari
Cheibriados
Dithmenos
Gozag
Hepliaklqana
Kikubaaqudgha
Nemelex Xobeh
Okawaru
Qazlal
Ru
Sif Muna
Uskayaw
Vehumet
Wu Jian
Xom
Yredelemnul
Zin
The Shining One

Shops:
D:4 (

Annotations:
D:3 Terence
D:5 exclusion: ogre


Innate Abilities, Weirdness & Mutations

You are a tree.
Your roots penetrate the ground, keeping you stationary.
You cannot be teleported.
You are immune to unholy pain and torment.
Your maximum health is greatly increased.
Your equipment is partially melded.
((You have a beak for a mouth.))
((You have claws for feet.))
You can magically evade attacks while moving or waiting.
Your mind is acute. (Int +4, Str/Dex -1)
Your magical capacity is low. (-10% MP)
You sometimes lose the ability to read scrolls when taking damage.


Message History

The water moccasin is heavily wounded.
You feel very sick. The water moccasin closely misses you.
The water moccasin misses you.
Casting: Shock (safe; 4% risk of failure)
Confirm with . or Enter, or press ? or * to list all spells.
Aiming: Shock (safe; 4% risk of failure)
Press: ? - help, Shift-Dir - straight line The zap hits the water moccasin.
The water moccasin is severely wounded.
The zap hits the water moccasin.
The water moccasin is severely wounded.
You feel sick. The water moccasin bites you.
You are lethally poisoned!
The water moccasin poisons you!
Casting: Shock (safe; 4% risk of failure)
Confirm with . or Enter, or press ? or * to list all spells.
Aiming: Shock (safe; 4% risk of failure)
Press: ? - help, Shift-Dir - straight line The zap hits the water moccasin.
You kill the water moccasin!
Vehumet accepts your kill.
* * * LOW HITPOINT WARNING * * *
You feel very sick.
Your Armour skill increases to level 2!
Your Spellcasting skill increases to level 3!
You have reached level 6!
It was a potion of resistance.
You feel protected.
* * * LOW HITPOINT WARNING * * *
You feel very sick.
It was a potion of lignification.
You turn into a tree.
Your +0 leather armour melds into your body.
Your roots penetrate the ground.
* * * LOW HITPOINT WARNING * * *
You feel very sick.
It was a potion of mutation.
You feel extremely strange.
You occasionally lose the ability to read scrolls when taking damage.
You lose the ability to read scrolls when taking damage more often.
You feel less energetic.
You feel clever.
You die...

#....### #.#
.....
#...<###.#......
#.##..##.#.(....
##....^..._).
###..#..... ##.#
..! . #.# . .#
#.#########.
#..♣.......
###.###..#.
#.###.# #.....#
####.##
....S..........
.........######
##########


There were no monsters in sight!

Vanquished Creatures
  A water moccasin (D:5)
  6 gnolls
  7 adders
  2 worms (D:2)
  3 dart slugs
  An orc (D:5)
  5 bats
  10 endoplasms
  2 giant cockroaches
  4 goblins
  7 hobgoblins
  2 quokkas
  10 ball pythons
  A frilled lizard (D:3)
  12 kobolds
  2 rats
75 creatures vanquished.

Notes
Turn   | Place    | Note
-------+----------+-------------------------------------------
     0 | D:1      | Lobster4 the Tengu Air Elementalist began the quest for the
                  | Orb.
     0 | D:1      | Reached XP level 1. HP: 10/10 MP: 4/4
   330 | D:1      | Reached XP level 2. HP: 16/16 MP: 3/6
   980 | D:1      | Reached XP level 3. HP: 20/20 MP: 0/7
   984 | D:1      | Learned a level 3 spell: Swiftness
  1367 | D:2      | Reached skill level 1 in Fighting
  1875 | D:2      | Reached XP level 4. HP: 25/25 MP: 6/8
  2492 | D:3      | Noticed Terence
  2721 | D:3      | Reached skill level 1 in Armour
  3241 | D:4      | Found Jimahops's Antique Weapon Emporium.
  3292 | D:4      | Found a staircase to the Ecumenical Temple.
  3302 | Temple   | Entered the Ecumenical Temple
  3305 | Temple   | Became a worshipper of Vehumet
  3472 | D:3      | Reached XP level 5. HP: 18/30 MP: 4/10
  4194 | D:4      | Reached skill level 5 in Air Magic
  4341 | D:5      | Entered Level 5 of the Dungeon
  4342 | D:5      | Noticed an ogre
  4394 | D:5      | Found a shadowy altar of Dithmenos.
  4426 | D:5      | Noticed a water moccasin
  4436 | D:5      | Killed a water moccasin
  4437 | D:5      | Reached XP level 6. HP: 7/36 MP: 6/11
  4439 | D:5      | Gained mutation: You occasionally lose the ability to read
                  | scrolls when taking damage. [potion of mutation]
  4439 | D:5      | Gained mutation: You sometimes lose the ability to read
                  | scrolls when taking damage. [potion of mutation]
  4439 | D:5      | Gained mutation: Your magical capacity is low. (-10% MP)
                  | [potion of mutation]
  4439 | D:5      | Gained mutation: Your mind is acute. (Int +4, Str/Dex -1)
                  | [potion of mutation]
  4439 | D:5      | Succumbed to a water moccasin's poison

Illustrated notes

Levels and vault maps discovered:
D:1:      amcnicky_arrival_choice, layout_loops_ring, minmay_pentomino_z2
D:2:      layout_loops_ring
D:3:      layout_loops_ring, minmay_misc_feat_plants, uniq_terence
D:4:      layout_gridville, temple_fountains, serial_shops, shop
D:5:      layout_rooms, lemuel_tele_altar, mainiacjoe_overflow_boulevard,
          nicolae_elyvilon_temple_path, uniq_sigmund
Temple:   sentei_temple_godly_chess

Skill      XL: |  1  2  3  4  5 |
---------------+----------------+-----
Conjurations   | 2 3 |  3.6
Fighting       | 1 2 |  2.4
Dodging        | 3 |  3.0
Armour         | 1 2 |  2.2
Air Magic      | 5 |  5.3
Spellcasting   | 3 |  3.1
Stealth        | |  2.0

Action                     |  1- 3 |  4- 6 || total
---------------------------+-------+-------++-------
  Melee: Kick              |     2 |     2 ||     4
         Unarmed           |     2 |       ||     2
         Short sword       |     4 |       ||     4
         Rapier            |       |    11 ||    11
         Peck              |       |     1 ||     1
   Cast: Shock             |    82 |    98 ||   180
    Use: Potion            |       |     3 ||     3
   Stab: Sleeping          |     1 |       ||     1
 Armour: Robe              |    12 |    13 ||    25
         Leather armour    |       |     2 ||     2
  Dodge: Dodged            |    20 |    37 ||    57

Table legend: (Time is in decaauts)
 A = Elapsed time spent in this place.
 B = Non-inter-level travel time spent in this place.
 C = Inter-level travel time spent in this place.
 D = Time resting spent in this place.
 E = Time spent auto-exploring this place.
 F = Levels seen in this place.
 G = Mean time per level.
                   A        B        C        D        E       F      G
               +--------+--------+--------+--------+--------+-----+--------+
         Total |   4439 |   4280 |    159 |    215 |   3430 |   6 |  739.8 |
       Dungeon |   4432 |   4275 |    157 |    215 |   3430 |   5 |  886.4 |
        Temple |      6 |      4 |      2 |      0 |      0 |   1 |    6.0 |
               +--------+--------+--------+--------+--------+-----+--------+

Top non-repeatable levels by time:
     D:1: 1290 daAuts
     D:4: 1121 daAuts
     D:3: 992 daAuts
     D:2: 975 daAuts
     D:5: 52 daAuts
  Temple: 6 daAuts
